 Dungeon Crawl Stone Soup version 0.25.0-33-gff14898491 (console) character file.

Game seed: 8365108560306939634

223 Colgate the Sneak (level 5, -2/24 HPs)
             Began as a Felid Berserker on July 6, 2020.
             Was a Believer of Trog.
             Slain by an adder skeleton (3 damage)
             ... on level 4 of the Dungeon.
             The game lasted 00:30:14 (3218 turns).

Colgate the Sneak (Felid Berserker)                 Turns: 3218, Time: 00:30:15

Health: -2/24      AC:  2    Str: 13    XL:     5   Next: 66%
Magic:  6/6        EV: 22    Int:  8    God:    Trog [**....]
Gold:   125        SH:  0    Dex: 18    Spells: 4/4 levels left
                                        Lives:  0   Deaths: 1

rFire    . . .     SeeInvis +     - Unarmed
rCold    . . .     Gourm    .   (shield unavailable)
rNeg     . . .     Faith    .   (armour unavailable)
rPois    .         Spirit   .   (helmet unavailable)
rElec    .         Reflect  .   (cloak unavailable)
rCorr    +         Harm     .   (gloves unavailable)
MR       .....                  (boots unavailable)
Stlth    ++++......             (no amulet)
HPRegen  0.08/turn              h - ring of resist corrosion
MPRegen  0.10/turn              (no ring)

@: quick
A: very small, no armour, no weapons or thrown items, stealth, claws 1, fangs 3,
see invisible, carnivore, speed 1, shaggy fur 2, slow metabolism 1, sharp paws
a: Berserk, Trog's Hand, Renounce Religion


You were on level 4 of the Dungeon.
You worshipped Trog.
Trog was pleased with you.
You were not hungry.

You visited 1 branch of the dungeon, and saw 4 of its levels.

You collected 125 gold pieces.

Inventory:

Jewellery
 h - a ring of resist corrosion (left paw)
 n - an uncursed ring of wizardry {unknown}
Wands
 c - a wand of polymorph (4)
 o - a wand of flame (6)
 v - a wand of random effects (13)
Scrolls
 b - 4 scrolls of identify {unknown}
 e - a scroll of fear {unknown}
 f - 5 scrolls of remove curse {unknown}
 g - 2 scrolls of enchant armour {unknown}
 i - 4 scrolls of teleportation {unknown}
 k - 2 scrolls of amnesia {unknown}
 m - 2 scrolls of fog {unknown}
 s - a scroll of blinking {unknown}
 w - a scroll of noise {unknown}
Potions
 d - a potion of haste {unknown}
 j - a potion of brilliance {unknown}
 l - a potion of heal wounds {unknown}
 p - a potion of mutation {unknown}
 q - 2 potions of curing
 r - 2 potions of ambrosia {unknown}
 t - a potion of flight {unknown}
 u - a potion of lignification {unknown}
Comestibles
 a - 4 rations


   Skills:
 - Level 3.0 Fighting
 - Level 6.4 Dodging
 + Level 7.1 Stealth
 - Level 4.0 Unarmed Combat


You had 4 spell levels left.
You didn't know any spells.
Your spell library was empty.

Dungeon Overview and Level Annotations

Branches:
Dungeon (4/15)
 Temple: D:4-7

Altars:

Annotations:
D:4 Sigmund


Innate Abilities, Weirdness & Mutations

You cannot wear armour.
You are incapable of wielding weapons or throwing items.
Your paws allow you to move quietly. (Stealth)
You have sharp claws.
You have razor-sharp teeth.
You have supernaturally acute eyesight. (SInv)
You are carnivorous and can eat meat at any time.
You cover ground quickly.
You are covered in thick fur. (AC +2)
You have a slow metabolism.
Your sharp claws are effective at attacking unaware monsters.


Message History

* * * LOW HITPOINT WARNING * * *
The adder skeleton closely misses you. The adder skeleton misses you.
The adder skeleton closely misses you.
The adder skeleton completely misses you.
The adder skeleton misses you. The adder skeleton misses you.
The adder skeleton closely misses you. The adder skeleton barely misses you.
The adder skeleton barely misses you. The adder skeleton bites you.
* * * LOW HITPOINT WARNING * * *
The adder skeleton barely misses you. The adder skeleton closely misses you.
The adder skeleton bites you.
* * * LOW HITPOINT WARNING * * *
The adder skeleton bites you.
* * * LOW HITPOINT WARNING * * *
The adder skeleton bites you.
* * * LOW HITPOINT WARNING * * *
The adder skeleton bites you.
You die...

........ #......## ###
.[.....##..#
#..........# ..##
#........... .....
............ #......
#.#.Z.......
#......##.##@......#
..........##.......#
...#..##..............
###.# #..##.............
#...###.................
#...##.................
##....##.....#.........
##..#.........###.###...
..............# ..# #..
#(.#..........# ..#
#...........#.... ..


You could see an adder skeleton.

Vanquished Creatures
  Grinder (D:3)
  An orc wizard (D:3)
  Ijyb (D:3)
  Natasha (thrice) (D:2)
  4 adders (D:3)
  An adder skeleton (D:4)
  3 worms (D:2)
  4 dart slugs
  2 leopard geckos
  3 orcs (D:3)
  A ball python (D:1)
  4 giant cockroaches
  8 goblins
  5 hobgoblins
  3 jackals (D:1)
  5 bats
  5 frilled lizards
  7 kobolds
  8 rats
69 creatures vanquished.

Notes
Turn   | Place    | Note
-------+----------+-------------------------------------------
     0 | D:1      | Colgate the Felid Berserker began the quest for the Orb.
     0 | D:1      | Reached XP level 1. HP: 10/10 MP: 2/2
     2 | D:1      | Noticed a demigod
     2 | D:1      | Noticed a formicid
     4 | D:1      | Noticed a demonspawn
     4 | D:1      | Noticed a merfolk
     6 | D:1      | Noticed a troll
     6 | D:1      | Noticed an octopode
     8 | D:1      | Noticed a tengu
     8 | D:1      | Noticed a vampire
    10 | D:1      | Noticed a gargoyle
    10 | D:1      | Noticed a human
    12 | D:1      | Noticed a ghoul
    14 | D:1      | Noticed a felid
    14 | D:1      | Noticed a halfling
    16 | D:1      | Noticed a dwarf
    18 | D:1      | Noticed an elf
    20 | D:1      | Noticed a naga
    20 | D:1      | Noticed a minotaur
    22 | D:1      | Noticed a centaur
    22 | D:1      | Noticed an ogre
    24 | D:1      | Noticed a spriggan
    24 | D:1      | Noticed a vine stalker
    26 | D:1      | Noticed a draconian
   245 | D:1      | Reached XP level 2. HP: 14/14 MP: 3/3
   370 | D:1      | Reached skill level 5 in Dodging
   522 | D:1      | Reached ** piety under Trog
   675 | D:1      | Reached XP level 3. HP: 17/17 MP: 4/4
  1069 | D:2      | Noticed Natasha
  1244 | D:2      | Killed Natasha
  1410 | D:2      | Reached XP level 4. HP: 21/21 MP: 5/5
  1512 | D:2      | Reached skill level 1 in Stealth
  1571 | D:2      | Noticed Natasha
  1578 | D:2      | Killed Natasha
  1578 | D:2      | Reached skill level 2 in Stealth
  1672 | D:2      | Reached skill level 3 in Stealth
  1815 | D:2      | Noticed Natasha
  1823 | D:2      | Killed Natasha
  1826 | D:2      | Reached XP level 5. HP: 16/24 MP: 6/6
  2314 | D:3      | Noticed Ijyb
  2351 | D:3      | Killed Ijyb
  2351 | D:3      | Reached *** piety under Trog
  2351 | D:3      | Reached skill level 4 in Stealth
  2755 | D:3      | Noticed Grinder
  2763 | D:3      | Paralysed by Grinder for 3 turns
  2811 | D:3      | Killed Grinder
  2811 | D:3      | Reached skill level 7 in Stealth
  2811 | D:3      | Gained mutation: You are covered in thick fur. (AC +2)
                  | [Felid growth]
  2811 | D:3      | Reached XP level 6. HP: 12/28 MP: 7/7
  3063 | D:4      | Noticed Sigmund
  3085 | D:4      | Slain by Sigmund
  3086 | D:4      | Reached XP level 5. HP: -4/24 MP: 6/6
  3217 | D:4      | HP: 1/24 [adder skeleton (1)]
  3218 | D:4      | Slain by an adder skeleton

Illustrated notes

Levels and vault maps discovered:
D:1:      kb_arrival_jail, layout_basic
D:2:      layout_loops_corners, uniq_natasha
D:3:      layout_basic, uniq_ijyb, uniq_grinder
D:4:      layout_cave_pools, uniq_pikel, uniq_blork_the_orc, uniq_sigmund

Skill      XL: |  1  2  3  4  5 |
---------------+----------------+-----
Dodging        | 5 6 |  6.4
Stealth        | 3 7 |  7.1
Unarmed Combat | 4 |  4.0
Fighting       | |  3.0

Action                   |  1- 3 |  4- 6 || total
-------------------------+-------+-------++-------
Melee: Unarmed           |    73 |    99 ||   172
       Bite              |     5 |     8 ||    13
       Punch             |       |     2 ||     2
Invok: Berserk           |     9 |     7 ||    16
       Trog's Hand       |       |     3 ||     3
Evoke: Wand              |       |     5 ||     5
 Stab: Sleeping          |     4 |    14 ||    18
  Eat: Chunk             |    16 |    10 ||    26
Armor: Skin              |     1 |     8 ||     9
Dodge: Dodged            |    49 |   125 ||   174
